 Dungeon Crawl Stone Soup version 0.25.1-4-g9407a263a5 (webtiles) character file.

Game seed: 7141064862483795841

118 Clowwww the Chopper (level 4, 0/34 HPs)
             Began as a Demonspawn Gladiator on Nov 28, 2020.
             Killed by nerve-wracking pain
             ... invoked by a shadow imp
              (9 damage)
             ... on level 3 of the Dungeon.
             The game lasted 00:06:52 (2429 turns).

Clowwww the Chopper (Demonspawn Gladiator)          Turns: 2429, Time: 00:06:52

Health: 0/34       AC:  4    Str: 15    XL:     4   Next: 72%
Magic:  4/4        EV: 13    Int:  9    God:
Gold:   148        SH:  0    Dex: 17    Spells: 3/3 levels left

rFire    . . .     SeeInvis .   a - +0 war axe
rCold    + . .     Gourm    .   (no shield)
rNeg     . . .     Faith    .   b - +0 leather armour
rPois    .         Spirit   .   c - +0 helmet
rElec    .         Reflect  .   (no cloak)
rCorr    .         Harm     .   (no gloves)
MR       .....                  (no boots)
Stlth    +++.......             (no amulet)
HPRegen  0.11/turn              (no ring)
MPRegen  0.09/turn              (no ring)

@: no status effects
A: thin skeletal structure 1, cold resistance 1, nightstalker 1
a: no special abilities


You were on level 3 of the Dungeon.
You were hungry.

You visited 1 branch of the dungeon, and saw 3 of its levels.

You collected 148 gold pieces.

Inventory:

Hand Weapons
 a - a +0 war axe (weapon)
Missiles
 d - 3 throwing nets
 i - 37 poisoned darts (quivered)
Armour
 b - a +0 leather armour (worn)
 c - a +0 helmet (worn)
Jewellery
 u - an uncursed ring of see invisible {unknown}
Scrolls
 h - 2 scrolls of magic mapping {unknown}
 j - a scroll of identify {unknown}
 p - a scroll of enchant armour {unknown}
 s - a scroll of enchant weapon {unknown}
Potions
 e - a potion of degeneration {unknown}
 g - a potion of ambrosia {unknown}
 k - a potion of invisibility {unknown}
 l - 2 potions of curing
 m - a potion of flight {unknown}
 n - a potion of heal wounds {unknown}
 o - a potion of might {unknown}
 q - a potion of lignification {unknown}
 t - 2 potions of stabbing {unknown}
Comestibles
 f - 4 rations


   Skills:
 + Level 2.4 Fighting
 + Level 4.0 Axes
 + Level 1.8 Throwing
 + Level 1.4 Armour
 + Level 3.1 Dodging
 + Level 0.2 Stealth


You had 3 spell levels left.
You didn't know any spells.
Your spell library was empty.

Dungeon Overview and Level Annotations

Branches:
Dungeon (3/15)

Altars:


Innate Abilities, Weirdness & Mutations

You have a somewhat thin skeletal structure. (Dex +2, Stealth)
Your flesh is cold resistant. (rC+)
You are slightly more attuned to the shadows.


Message History

There is a stone staircase leading up here.
A quokka and a goblin come into view.
A shadow imp comes into view.
Found a stone staircase leading down.
A rat comes into view.
The shadow imp gestures at you. Pain shoots through your body!
A kobold comes into view.
Found a ring mail.
The quokka barely misses you.
The goblin shouts!
You barely miss the goblin.
The kobold shouts!
You hit the quokka but do no damage. The quokka bites you.
The goblin hits you with a +0 club. The quokka bites you.
* * * LOW HITPOINT WARNING * * *
The shadow imp hits you.
* * * LOW HITPOINT WARNING * * *
The shadow imp gestures at you. Pain shoots through your body!
You die...

#.........#
#>........#
###...K...[.# ..
...........# .#
##.........# ##
##....5.....# ..
#....@gr....# #.
#.#.##.###### ..
#.##.# r.#
#.##.# # #.####
#<# #.#
##############)#
...............#


You could see a shadow imp, a quokka, a goblin and a kobold.

Vanquished Creatures
  Robin (D:3)
  3 adders (D:2)
  A gnoll (D:1)
  2 worms (D:2)
  A dart slug (D:2)
  A ball python (D:2)
  5 bats
  7 giant cockroaches
  13 goblins
  9 hobgoblins
  A quokka (D:2)
  5 frilled lizards
  6 kobolds
  6 rats
61 creatures vanquished.

Notes
Turn   | Place    | Note
-------+----------+-------------------------------------------
     0 | D:1      | Clowwww the Demonspawn Gladiator began the quest for the
                  | Orb.
     0 | D:1      | Reached XP level 1. HP: 16/16 MP: 1/1
   105 | D:1      | Reached skill level 3 in Axes
   224 | D:1      | Gained mutation: Your flesh is cold resistant. (rC+)
                  | [demonic ancestry]
   224 | D:1      | Reached XP level 2. HP: 22/22 MP: 2/2
   683 | D:1      | Gained mutation: You have a somewhat thin skeletal
                  | structure. (Dex +2, Stealth) [demonic ancestry]
   683 | D:1      | Reached XP level 3. HP: 27/27 MP: 3/3
  1072 | D:2      | Gained mutation: You are slightly more attuned to the
                  | shadows. [demonic ancestry]
  1072 | D:2      | Reached XP level 4. HP: 11/34 MP: 4/4
  1443 | D:2      | Reached skill level 1 in Armour
  1718 | D:2      | Reached skill level 4 in Axes
  1961 | D:3      | Noticed Robin
  1984 | D:3      | Killed Robin
  2004 | D:3      | HP: 1/34 [hobgoblin/+0 club (2)]
  2429 | D:3      | Killed from afar by a shadow imp

Illustrated notes

Levels and vault maps discovered:
D:1:      minmay_arrival_shattered_statue, layout_rooms, dk_noncrumbling_4,
          minmay_worlds_worst_comb
D:2:      layout_basic, wad_floor_pattern_untrapped
D:3:      layout_rooms, chequers_ecumenical_altar_simple, first_ration,
          uniq_robin

Skill      XL: |  1  2  3  4 |
---------------+-------------+-----
Axes           | 3 4 |  4.0
Dodging        | 3 |  3.1
Armour         | 1 |  1.4
Fighting       | |  2.4
Throwing       | |  1.8
Stealth        | |  0.2

Action                   |  1- 3 |  4- 6 || total
-------------------------+-------+-------++-------
Melee: War axe           |    70 |    88 ||   158
Throw: Dart              |     3 |     6 ||     9
  Use: Potion            |     1 |       ||     1
 Stab: Sleeping          |     1 |     2 ||     3
  Eat: Chunk             |       |     4 ||     4
Armor: Leather armour    |    31 |    20 ||    51
Dodge: Dodged            |    88 |    67 ||   155
